 Dungeon Crawl Stone Soup version 0.29-a0-617-g7a6b98fccd (webtiles) character file.

Game seed: 1048704708156254408

50 Patoropollo the Ducker (level 3, -4/17 HPs)
             Began as a Felid Monk on June 17, 2022.
             Slain by Grinder (7 damage)
             ... while paralysed by Grinder
             ... on level 3 of the Dungeon.
             The game lasted 00:02:12 (2069 turns).

Patoropollo the Ducker (Felid Monk)                 Turns: 2069, Time: 00:02:13

Health: -4/17      AC:  1    Str:  7    XL:     3   Next: 55%
Magic:  4/4        EV:  4    Int: 11    God:
Gold:   83         SH:  0    Dex: 20    Spells: 2/2 levels left
                                        Lives:  0   Deaths: 0

rFire   . . .      SeeInvis +     - Unarmed
rCold   . . .      Faith    .   (shield unavailable)
rNeg    . . .      Spirit   .   (body armour unavailable)
rPois   .          Reflect  .   (helmet unavailable)
rElec   .          Harm     .   (cloak unavailable)
rCorr   .          Rampage  .   (gloves unavailable)
Will    .....                   (boots unavailable)
Stlth   +++.......              (no amulet)
HPRegen 0.05/turn               (no ring)
MPRegen 0.09/turn               (no ring)

@: paralysed, quick
A: very small, claws 1, fangs 3, see invisible, speed 1, shaggy fur 1, stealthy
paws, no weapons or thrown items, no armour, multi-lived
a: no special abilities


You were on level 3 of the Dungeon.
You visited 1 branch of the dungeon, and saw 3 of its levels.

You collected 83 gold pieces.

Inventory:

Scrolls
 c - a scroll of amnesia {unknown}
 d - a scroll of poison {unknown}
 f - 2 scrolls of identify {unknown}
 g - a scroll of vulnerability {unknown}
Potions
 a - a potion of ambrosia
 b - a potion of lignification {unknown}
 e - a potion of magic {unknown}


   Skills:
 + Level 3.4 Fighting
 + Level 4.5 Dodging
 + Level 3.7 Stealth
 + Level 3.4 Unarmed Combat


You had 2 spell levels left.
You didn't know any spells.
Your spell library contained the following spells:

 Spells                   Type           Power      Damage    Failure   Level
 Sting                    Tmut/Pois      0%         1d3       34%         1
 Blink                    Tloc           0%         N/A       47%         2
 Poisonous Vapours        Pois/Air       0%         N/A       47%         2
 Lesser Beckoning         Tloc           0%         N/A       71%         3
 Olgreb's Toxic Radiance  Pois           0%         N/A       98%         4
 Manifold Assault         Tloc           0%         N/A       100%        5


Dungeon Overview and Level Annotations

Branches:
Dungeon (3/15)

Altars:
The Shining One

Annotations:
D:3 Grinder


Innate Abilities, Weirdness & Mutations

You have sharp claws.
You have razor-sharp teeth.
You have supernaturally acute eyesight. (SInv)
You cover ground quickly. (Speed+)
You are covered in fur. (AC +1)
Your paws help you pounce on unaware monsters.
You are incapable of wielding weapons or throwing items.
You cannot wear armour.
You gain extra lives every three experience levels.


Message History

You scratch the worm. Your bite misses the worm.
The worm is almost dead.
You scratch the worm.
You kill the worm!
No target in view!
No target in view!
No target in view!
An orc comes into view. It is wielding a +0 short sword.
Found a stone staircase leading up.
An orc is nearby!
An orc is nearby!
An orc is nearby!
An orc is nearby!
An orc is nearby!
A ball python comes into view.
You pounce on the unaware helpless orc!
You mangle the orc!!
You kill the orc!
You scratch the ball python.
You kill the ball python!
Found a hunting sling.
Things that are here:
a +0 short sword; an orc corpse No target in view!
You see here a ball python corpse.
Grinder comes into view.
Grinder shouts!
Grinder is nearby!
Grinder says, "You look like you could use a good racking."
Grinder hits you!
You writhe in agony.
Grinder is nearby!
You scratch Grinder.
Grinder is lightly wounded.
Grinder says, "You look like you could use a good racking."
Grinder gestures at you.
You suddenly lose the ability to move!
Grinder hits you.
* * * LOW HITPOINT WARNING * * *
Grinder says, "DUCK!"
Grinder hits you!
You die...

#.......#
#...####.#
##.######
#......#..
#.##..
#...##.###
#.##.# ##.....#
#.##.# .. #..#
#.##.####### ##
##..#
#.†.........
...#
#)##.########
#####.###
#.##...@5...#
#........
#.##.........#
#.###.###
#.##.........#
#........
#.##.........#
#.###..##
#.##.........#
##.#
..##...........
..#
.)#############
####


You could see Grinder.

Vanquished Creatures
  An adder (D:3)
  A worm (D:3)
  A dart slug (D:1)
  An orc (D:3)
  2 endoplasms
  A giant cockroach (D:1)
  A goblin (D:2)
  3 hobgoblins (D:1)
  2 jackals (D:2)
  A kobold (D:2)
  5 quokkas
  6 ball pythons
  3 bats
  2 frilled lizards
  2 rats
32 creatures vanquished.

Vanquished Creatures (others)
  2 withered plants (D:3)
2 creatures vanquished.

Grand Total: 34 creatures vanquished

Notes
Turn   | Place    | Note
-------+----------+-------------------------------------------
     0 | D:1      | Patoropollo the Felid Monk began the quest for the Orb.
     0 | D:1      | Reached XP level 1. HP: 10/10 MP: 2/2
   363 | D:1      | Reached XP level 2. HP: 3/14 MP: 3/3
  1546 | D:2      | Reached XP level 3. HP: 13/17 MP: 4/4
  1626 | D:2      | Found a glowing golden altar of the Shining One.
  2063 | D:3      | Noticed Grinder
  2067 | D:3      | Paralysed by Grinder for 2 turns
  2069 | D:3      | Slain by Grinder

Illustrated notes

Levels and vault maps discovered:
D:1:      lightli_arrival_quake, layout_loops_corners, corexii_leaking_fountain,
          minmay_heptomino_d4
D:2:      layout_rooms, basic_altar, st_stairs_4
D:3:      layout_basic, mainiacjoe_overflow_catwalk_spiral, ebering_ghost_gozag,
          ebering_ecumenical_altar_petrified, uniq_grinder, uniq_terence

Skill      XL: |  1 |
---------------+----+-----
Stealth        | 3 |  3.7
Fighting       | |  3.4
Dodging        | |  4.5
Unarmed Combat | |  3.4

Action                   || total
-------------------------++-------
Melee: Unarmed           ||    88
       Bite              ||    10
       Punch             ||     1
 Stab: Sleeping          ||     6
       Distracted        ||     1
Armor: Skin              ||     2
Dodge: Dodged            ||    66

Table legend: (Time is in decaauts)
 A = Elapsed time spent in this place.
 B = Non-inter-level travel time spent in this place.
 C = Inter-level travel time spent in this place.
 D = Time resting spent in this place.
 E = Time spent auto-exploring this place.
 F = Levels seen in this place.
 G = Mean time per level.
                   A        B        C        D        E       F      G
               +--------+--------+--------+--------+--------+-----+--------+
         Total |   1801 |   1765 |     36 |      0 |   1457 |   3 |  600.3 |
       Dungeon |   1801 |   1765 |     36 |      0 |   1457 |   3 |  600.3 |
               +--------+--------+--------+--------+--------+-----+--------+

Top non-repeatable levels by time:
     D:1: 1145 daAuts
     D:2: 557 daAuts
     D:3: 97 daAuts
